[Event "*** SCC Grand Prix: Titled Tuesday Blitz"]
[Site "Chess.com"]
[Date "2020.08.11"]
[Round "9"]
[White "jlandaw"]
[Black "Xeniya2005"]
[Result "1-0"]
[WhiteElo "2513"]
[BlackElo "2360"]
[TimeControl "180+1"]
[EndTime "11:45:52 PDT"]
[Termination "jlandaw won by checkmate"]

1. e4 e6 2. d4 d5 3. e5 c5 4. c3 Nc6 5. Nf3 Qb6 6. Bd3 Bd7 7. dxc5 Bxc5 8. O-O a5 9. a4 Nge7 10. Na3 Ng6 11. Qe2 O-O 12. Nb5 Na7 13. Nbd4 Nc6 14.
Nb5 Na7 15. h4 Nxb5 16. axb5 h6 17. h5 Ne7 18. g4 Kh8 19. Bf4 Ng8 20. g5 hxg5 21.
Bxg5 f6 22. exf6 gxf6 23. Ne5 fxg5 24. Nxd7 Qd6 25. Nxc5 Qxc5 26. Qxe6 Rf6 27. Qg4 Raf8 28. Qg3 Rf3 29. Qe5+ R8f6 30. Bg6 Qc4 31. Rae1 Qg4+ 32. Kh1 Rh3+ 33. Qh2 Rxh2+ 34. Kxh2 Rf3 35. Re3 Rxe3 36. fxe3 Qe2+ 37. Kg1 Qxe3+ 38. Kg2 Qe2+ 39. Rf2 Qg4+ 40. Kf1 d4 41. Rf7 dxc3 42. Rh7# 1-0

[Event "*** SCC Grand Prix: Titled Tuesday Blitz"]
[Site "Chess.com"]
[Date "2020.08.11"]
[Round "9"]
[White "DrMamaliga"]
[Black "redbaron8888"]
[Result "1-0"]
[WhiteElo "2215"]
[BlackElo "2393"]
[TimeControl "180+1"]
[EndTime "11:45:52 PDT"]
[Termination "DrMamaliga won by checkmate"]

1. c4 e5 2. Nc3 Bb4 3. Qb3 a5 4. Nd5 Bc5 5. Qg3 Kf8 6. Qxe5 d6 7. Qc3 c6 8. Ne3 Nf6 9. g3 h5 10. Nf3 Na6 11. h4 Ng4 12. a3 a4 13. d4 Bb6 14.
Bd2 Nxe3 15. Qxe3 Be6 16. Qd3 Qf6 17. Bc3 d5 18. c5 Bc7 19. Bg2 g6 20. Bd2 Bf5 21.
Qc3 Re8 22. Bg5 Qe6 23. e3 f6 24. Bf4 Bxf4 25. gxf4 Be4 26. O-O-O Nc7 27. Ne1 Rh7 28. Bxe4 dxe4 29. Nc2 Nd5 30. Qa5 b6 31. cxb6 Rb7 32.
Nb4 Nxb6 33. Qc5+ Kg7 34. Kb1 Nd5 35. Nxd5 cxd5 36. Rc1 Reb8 37. Rc2 Kh6 38. Ka1 Rb5 39. Qc3 Rb3 40. Qa5 Qd7 41. Rhc1 Qb7 42. Qd2 Qb6 43. Qe2 Rd3 44. Rc3 Rxc3 45. Rxc3 f5 46. Qc2 Qb5 47.
Rc5 Qf1+ 48. Ka2 Qh3 49. Rxd5 Qxh4 50. Qc7 Rg8 51. Rd7 Qf6 52. Rh7# 1-0

[Event "*** SCC Grand Prix: Titled Tuesday Blitz"]
[Site "Chess.com"]
[Date "2020.08.11"]
[Round "9"]
[White "Euge_chess"]
[Black "beatnoguera"]
[Result "0-1"]
[WhiteElo "2049"]
[BlackElo "1820"]
[TimeControl "180+1"]
[EndTime "11:45:53 PDT"]
[Termination "beatnoguera won on time"]

1. e4 c5 2. c3 d6 3. d4 cxd4 4. cxd4 Nf6 5. Nc3 g6 6. Nf3 Bg7 7.
Bb5+ Nbd7 8. O-O a6 9. Ba4 b5 10. Bc2 O-O 11. h3 Bb7 12. Re1 Qc7 13. a3 Rac8 14.
Bd3 Nb6 15. Bg5 Nh5 16. g4 Nf6 17. Rc1 Qd7 18. Bf1 Nc4 19. Qe2 e6 20. Bg2 h6 21.
Bh4 Kh7 22. Red1 a5 23. e5 dxe5 24. dxe5 Nd5 25. Nd4 b4 26. Nxd5 exd5 27. axb4 axb4 28. Nf3 Ba6 29. Qe1 Nxb2 30. Rd2 Nd3 31. Rxd3 Bxd3 32.
Rd1 Bc4 33. Qxb4 Rb8 34. Qxc4 dxc4 35. Rxd7 c3 36. Rc7 Rfc8 37. Rxf7 c2 38. Bf6 c1=Q+ 39.
Kh2 Rg8 40. Nh4 Qf4+ 41. Kg1 Rb1+ 42. Bf1 Rxf1+ 0-1

[Event "*** SCC Grand Prix: Titled Tuesday Blitz"]
[Site "Chess.com"]
[Date "2020.08.11"]
[Round "9"]
[White "ShahMatKanal"]
[Black "KyronGriffith"]
[Result "0-1"]
[WhiteElo "2456"]
[BlackElo "2359"]
[TimeControl "180+1"]
[EndTime "11:45:55 PDT"]
[Termination "KyronGriffith won on time"]

1. e4 c6 2. d4 d5 3. e5 Bf5 4. h4 h6 5. Bd3 Bxd3 6. cxd3 e6 7. Nc3 Ne7 8. Nf3 Nd7 9. h5 a6 10. Be3 Nf5 11. g4 Nxe3 12. fxe3 Be7 13. O-O O-O 14. Qe2 f6 15. Rf2 fxe5 16. dxe5 Bh4 17. Rg2 Bg5 18.
Rf1 Qe7 19. d4 Nb6 20. b3 a5 21. a4 Rae8 22. Kh2 Na8 23. Kh3 Nc7 24. Rgf2 Na6 25.
Nb1 Nb4 26. Nbd2 Qd8 27. Nxg5 Qxg5 28. Nf3 Qe7 29. Nh4 Rxf2 30. Rxf2 Qg5 31. Ng6 b5 32.
Qf3 Kh7 33. Kh2 bxa4 34. bxa4 Nd3 35. Qf8 Qd8 36. Qf7 Nxf2 37. Qxf2 Kg8 38. Qf4 Qd7 39.
Qf3 Qf7 40. Qe2 Rb8 41. Kg3 Qb7 42. Qf3 Qb1 0-1

[Event "*** SCC Grand Prix: Titled Tuesday Blitz"]
[Site "Chess.com"]
[Date "2020.08.11"]
[Round "9"]
[White "Sultanasharminshirin"]
[Black "sertalzin"]
[Result "0-1"]
[WhiteElo "2012"]
[BlackElo "1858"]
[TimeControl "180+1"]
[EndTime "11:45:55 PDT"]
[Termination "sertalzin won on time"]

1. d4 d5 2. c4 c6 3. Nc3 Nf6 4. Nf3 e6 5. Bg5 h6 6. Bh4 dxc4 7. e4 g5 8. Bg3 b5 9. e5 Nd5 10. Be2 Bb4 11. Qc2 Bb7 12. O-O O-O 13. Ne4 Be7 14. a4 Nd7 15. Rad1 a6 16. h3 c5 17. b3 cxb3 18.
Qxb3 b4 19. Bc4 N5b6 20. Nxc5 Bxc5 21. dxc5 Nxc4 22. Qxc4 Bxf3 23. gxf3 Qc7 24. Qg4 Nxe5 25. Qh5 f6 26. Rd6 Qg7 27. c6 Nf7 28. Rd7 e5 29. Rfd1 Rac8 0-1

[Event "*** SCC Grand Prix: Titled Tuesday Blitz"]
[Site "Chess.com"]
[Date "2020.08.11"]
[Round "9"]
[White "vesalhamedinia"]
[Black "MrChampion_Coach"]
[Result "0-1"]
[WhiteElo "2288"]
[BlackElo "2450"]
[TimeControl "180+1"]
[EndTime "11:45:59 PDT"]
[Termination "MrChampion_Coach won on time"]

1. d4 Nf6 2. c4 e6 3. Nf3 d5 4. Nc3 a6 5. cxd5 exd5 6. Bg5 Be6 7. e3 Nbd7 8. Bd3 Bd6 9. O-O O-O 10. Rc1 h6 11.
Bh4 c6 12. Re1 Qc7 13. Qc2 Bg4 14. Bg3 Bxg3 15. hxg3 Qd6 16. Bf5 Bxf5 17. Qxf5 Rfe8 18. a3 a5 19. Nh4 a4 20. Qc2 g6 21. Nxa4 Ne4 22. Nc3 Ndf6 23. Nf3 Ng4 24. Nxe4 dxe4 25. Nd2 Qe6 26. Qc5 b6 27. Qc2 Qf5 28. Nf1 Ra5 29. Qe2 c5 30. dxc5 bxc5 31. Rcd1 Rb8 32. Rd2 Rab5 33. Red1 Kg7 34. Rc2 Rb3 35. f3 exf3 36.
gxf3 Nxe3 37. Nxe3 Rxe3 38. Qxe3 Qxc2 39. Qe5+ Kh7 40. Rd7 Qb1+ 41. Kh2 Rxb2+ 42. Kh3 Qa2 0-1

[Event "*** SCC Grand Prix: Titled Tuesday Blitz"]
[Site "Chess.com"]
[Date "2020.08.11"]
[Round "9"]
[White "XiaoKangZhong"]
[Black "MuhittinBuker"]
[Result "1-0"]
[WhiteElo "2427"]
[BlackElo "2028"]
[TimeControl "180+1"]
[EndTime "11:46:00 PDT"]
[Termination "XiaoKangZhong won by resignation"]

1. e4 e5 2. Nf3 Nc6 3. Bc4 Nf6 4. d3 Bc5 5. O-O a6 6. a4 d6 7. Nbd2 h6 8. c3 O-O 9. Bb3 Be6 10. Bc2 b5 11. h3 Re8 12. Re1 b4 13. Nf1 Rb8 14.
d4 bxc3 15. bxc3 exd4 16. cxd4 Bb4 17. d5 Bxe1 18. Nxe1 Bc8 19. dxc6 Nxe4 20. Bxe4 Rxe4 21. Ng3 Rc4 22. Nf3 Rxc6 23. Qd4 Rcb6 24. Nh5 f6 25. Qd5+ Kh8 26. Nh4 Qe8 27. Nf4 Qe1+ 28. Kh2 Qe5 29. Ng6+ Kh7 30. Nf8+ Kh8 31. Ng6+ Kh7 32. Nxe5 dxe5 33.
Ne2 Be6 34. Qe4+ Kh8 35. Be3 Rb4 36. Qc6 Bg8 37. Qxc7 Rb2 38. Ng3 Bh7 39. Rd1 R2b7 40. Rd8+ Bg8 41. Qxb8 Rxb8 42. Rxb8 Kh7 43. Rb7 Bc4 44. Nf5 Kg6 45. g4 1-0

[Event "*** SCC Grand Prix: Titled Tuesday Blitz"]
[Site "Chess.com"]
[Date "2020.08.11"]
[Round "9"]
[White "AttackSparrow"]
[Black "FMalexhdez"]
[Result "1-0"]
[WhiteElo "2329"]
[BlackElo "2196"]
[TimeControl "180+1"]
[EndTime "11:46:00 PDT"]
[Termination "AttackSparrow won on time"]

1. e4 c5 2. c3 d6 3. d4 cxd4 4. cxd4 g6 5. Nc3 Bg7 6. h3 Nc6 7. Nf3 Nf6 8. d5 Ne5 9. Nxe5 dxe5 10.
Bb5+ Bd7 11. Bd3 O-O 12. O-O Ne8 13. Be3 Nd6 14. Rc1 a6 15. Na4 Bb5 16. Nb6 Rb8 17.
a4 Be8 18. b3 f5 19. f3 f4 20. Bf2 g5 21. Nc4 b5 22. Nxd6 exd6 23. axb5 axb5 24.
Qc2 Rf7 25. Qa2 Rc7 26. Rc2 Rbc8 27. Rfc1 Rxc2 28. Rxc2 Rxc2 29. Qxc2 Bf6 30. b4 Qb8 31. Qa2 Bd8 32. Qa6 Bd7 33. Kh2 Kf7 34. Ba7 Qa8 35. Qxd6 Qxa7 36. Qxe5 Bf6 37. Qd6 Be7 38. Qh6 Bxb4 39.
Qxh7+ Ke8 40. e5 Be1 41. Qg8+ Ke7 42. Qxg5+ Ke8 43. Bg6+ Kf8 44. Qf6+ Kg8 45. Qf7+ 1-0

[Event "*** SCC Grand Prix: Titled Tuesday Blitz"]
[Site "Chess.com"]
[Date "2020.08.11"]
[Round "9"]
[White "chito89"]
[Black "xamax2000"]
[Result "1-0"]
[WhiteElo "2764"]
[BlackElo "2645"]
[TimeControl "180+1"]
[EndTime "11:46:01 PDT"]
[Termination "chito89 won on time"]

1. Nf3 Nf6 2. c4 g6 3. g3 Bg7 4.
Bg2 O-O 5. O-O d6 6. Nc3 e5 7. d3 a5 8. Rb1 c6 9. a3 Re8 10. Bg5 h6 11. Bxf6 Bxf6 12. b4 axb4 13. axb4 d5 14.
Qc2 Na6 15. Nd2 Nc7 16. b5 Be6 17. bxc6 bxc6 18. Rb7 Qd6 19. Rfb1 Bg7 20. R1b6 Ra1+ 21. Nf1 e4 22. cxd5 exd3 23. Qxd3 Bxd5 24. Nxd5 Nxd5 25.
e4 Ra3 26. Qd1 Ra1 27. Rb1 Rxb1 28. Rxb1 Rd8 29. exd5 cxd5 30. Rb5 d4 31. Rd5 Qe7 32. Rxd8+ Qxd8 33. Nd2 d3 34. Nb3 Bc3 35. Nc5 d2 36. Ne4 Ba5 37. Bf3 Qd4 38. Kg2 f5 39. Qb3+ Kf8 40. Qb8+ Bd8 41. Nd6 Ke7 42. Nc8+ Ke8 43. Qb3 1-0

[Event "*** SCC Grand Prix: Titled Tuesday Blitz"]
[Site "Chess.com"]
[Date "2020.08.11"]
[Round "9"]
[White "Andrii_Prydun"]
[Black "AlexSuv"]
[Result "0-1"]
[WhiteElo "2353"]
[BlackElo "2490"]
[TimeControl "180+1"]
[EndTime "11:46:01 PDT"]
[Termination "AlexSuv won on time"]

1. d4 Nf6 2. Nc3 d5 3. Bf4 Bf5 4. f3 e6 5. g4 Bg6 6. h4 h5 7.
g5 Nfd7 8. e3 Bd6 9. Nh3 Nc6 10.
Bd3 Ne7 11. Bxd6 cxd6 12. Nf4 Bxd3 13. Qxd3 g6 14. O-O-O Rc8 15. e4 dxe4 16. fxe4 a6 17. Rhf1 b5 18. Qf3 Rf8 19. e5 dxe5 20. dxe5 Qc7 21. Rf2 Nxe5 22. Qg3 Ng4 23. Ne4 Nf5 24. Qa3 Qb6 25. Re2 b4 26. Qb3 Ke7 27. Nd6 Nfe3 28. Nxc8+ Rxc8 29. Rde1 a5 30. Rxe3 Nxe3 31. Qxe3 Qc6 32.
Qd3 Kf8 33. Ne2 Qa4 34. Kb1 Qc6 35. Nd4 Qg2 36. Rf1 Kg8 37. Rc1 Qg4 38. Nf3 Qf4 39. Re1 a4 40. a3 bxa3 41. Qxa3 Qc4 42. Qd3 Qb4 43. Ne5 Rb8 44. Qc3 Qxc3 0-1

[Event "*** SCC Grand Prix: Titled Tuesday Blitz"]
[Site "Chess.com"]
[Date "2020.08.11"]
[Round "9"]
[White "crossingthestreet"]
[Black "Goryachkina"]
[Result "1-0"]
[WhiteElo "2410"]
[BlackElo "2548"]
[TimeControl "180+1"]
[EndTime "11:46:02 PDT"]
[Termination "crossingthestreet won by resignation"]

1. c4 e6 2. Nc3 d5 3. e3 Nf6 4.
Nf3 a6 5. b3 c5 6. cxd5 exd5 7.
d4 Nc6 8. Bb2 Bd6 9. dxc5 Bxc5 10. Be2 O-O 11. O-O Bg4 12. Rc1 Ba7 13. h3 Be6 14.
Bd3 h6 15. Ne2 Ne4 16. Nf4 Bf5 17. Bb1 Be6 18. Nd4 Nxd4 19. Bxd4 Bb8 20. Nxe6 fxe6 21.
Bxe4 dxe4 22. Qg4 Qe7 23. Qxe4 Bd6 24. Be5 Bxe5 25. Qxe5 Rac8 26. Rfd1 Qf7 27. f3 Qg6 28. Rxc8 Rxc8 29. Rd6 Re8 30. Kh2 Kh7 31. Rd7 b5 32. Rd6 a5 33. Qxb5 Rc8 34. Qxa5 Rc1 35. Qe5 Qb1 36. Qe4+ Qxe4 37. fxe4 Rc2 38. a4 Rc3 39. b4 Rc4 40. Rb6 Rxe4 41. a5 Rxe3 42. a6 Ra3 43. b5 e5 44. Rb7 e4 45. a7 e3 46. Kg3 Ra1 47. Kf3 Ra3 48. b6 1-0

[Event "*** SCC Grand Prix: Titled Tuesday Blitz"]
[Site "Chess.com"]
[Date "2020.08.11"]
[Round "9"]
[White "eCztery"]
[Black "Zmeeed63"]
[Result "1-0"]
[WhiteElo "2434"]
[BlackElo "2223"]
[TimeControl "180+1"]
[EndTime "11:46:02 PDT"]
[Termination "eCztery won by checkmate"]

1. e4 Nc6 2. d4 d5 3. exd5 Qxd5 4. Nf3 Bg4 5. Be2 O-O-O 6. Be3 e5 7. Nxe5 Bxe2 8.
Qxe2 Nxe5 9. dxe5 Qxe5 10. O-O Qxb2 11. Nd2 Nf6 12. Rab1 Qe5 13. Nc4 Qe6 14. Na5 Qa6 15. Qxa6 bxa6 16. Nc6 Rd5 17. Rb8+ Kd7 18. c4 Rh5 19.
Nxa7 Bd6 20. g4 Bxh2+ 21. Kg2 Rxb8 22. gxh5 Be5 23. Rd1+ Ke6 24. Nc6 Re8 25. h6 gxh6 26.
f4 Rg8+ 27. Kf3 Bd6 28. c5 Be7 29. Nd4+ Kd7 30. Nf5+ Ke8 31. Rb1 Bd8 32. c6 Nd5 33. Bc5 Rg6 34. Re1+ Re6 35. Ng7# 1-0

[Event "*** SCC Grand Prix: Titled Tuesday Blitz"]
[Site "Chess.com"]
[Date "2020.08.11"]
[Round "9"]
[White "GianmarcoVaR"]
[Black "m_ezat"]
[Result "0-1"]
[WhiteElo "2458"]
[BlackElo "2612"]
[TimeControl "180+1"]
[EndTime "11:46:03 PDT"]
[Termination "m_ezat won by resignation"]

1. d4 Nf6 2. Nf3 g6 3. Bg5 d5 4. Nbd2 Nbd7 5. e3 Bg7 6. c3 O-O 7. Be2 c5 8. O-O b6 9. a4 a6 10. a5 b5 11. b4 cxb4 12. cxb4 h6 13. Bh4 g5 14. Bg3 Nh5 15. Rc1 Nxg3 16. hxg3 e5 17. dxe5 Nxe5 18. Nxe5 Bxe5 19. Bf3 Be6 20. Nb3 Qf6 21.
Nc5 Rfd8 22. Bg4 d4 23. Bxe6 fxe6 24. exd4 Bxd4 25. Qb3 Rd5 26. Rc2 Rf8 27. Nxa6 Rf5 28. Qa2 Kh8 29. Re2 e5 30. Nc7 e4 31. Ne6 e3 32. Nxd4 exf2+ 33. Kh2 Qxd4 34. Qb2 Qxb2 35. Rxb2 g4 36. Rfxf2 Rxf2 37. Rxf2 Rxf2 0-1

[Event "*** SCC Grand Prix: Titled Tuesday Blitz"]
[Site "Chess.com"]
[Date "2020.08.11"]
[Round "9"]
[White "Zarikovs1999"]
[Black "Panterov"]
[Result "1-0"]
[WhiteElo "2370"]
[BlackElo "2219"]
[TimeControl "180+1"]
[EndTime "11:46:03 PDT"]
[Termination "Zarikovs1999 won on time"]

1. e4 e5 2. Nf3 Nf6 3. Nxe5 d6 4. Nf3 Nxe4 5. d4 Be7 6. Bd3 Nf6 7.
O-O O-O 8. Bf4 Bg4 9. h3 Bh5 10.
c4 Nbd7 11. d5 Re8 12. Nc3 Bg6 13. Re1 Nc5 14. Bc2 Qd7 15. b4 Na6 16. Rb1 c5 17. dxc6 bxc6 18. Nd4 c5 19. bxc5 dxc5 20. Bxg6 cxd4 21.
Be4 dxc3 22. Qxd7 Nxd7 23. Bxa8 c2 24. Rbc1 Nb4 25. Be4 Bc5 26. Bxh7+ Kxh7 27. Rxe8 Nd3 28. Rxc2 Nxf4 29. Rd8 Ne5 30. Kh2 Ne6 31. Re8 Bd6 32. g3 Nd4 33. c5 Bc7 34. Rb2 Nd3 35. Rb7 Nf3+ 36. Kg2 Nfe1+ 37. Rxe1 Nxe1+ 38. Kf1 Ba5 39. c6 Nd3 40. c7 Bxc7 41. Rxc7 Nb4 42. a3 1-0

[Event "*** SCC Grand Prix: Titled Tuesday Blitz"]
[Site "Chess.com"]
[Date "2020.08.11"]
[Round "9"]
[White "catzapto"]
[Black "KatarinaOstojic"]
[Result "0-1"]
[WhiteElo "1985"]
[BlackElo "2240"]
[TimeControl "180+1"]
[EndTime "11:46:03 PDT"]
[Termination "KatarinaOstojic won on time"]

1. e4 c5 2. Nf3 d6 3. c3 Nf6 4. Be2 Nc6 5. d4 cxd4 6. cxd4 e6 7. Nc3 Be7 8. O-O O-O 9. Bf4 a6 10. d5 exd5 11. exd5 Na7 12. Re1 Bf5 13. Bd3 Bg6 14.
Bxg6 hxg6 15. Bg5 Qd7 16. Rc1 Rfe8 17. Qd4 Nb5 18. Nxb5 Qxb5 19. Rc7 Nxd5 20. Rexe7 Nxc7 21. Rxc7 Qxg5 22. Qc4 Qf6 23. h4 b5 24. Qc6 d5 25.
Qxd5 Rad8 26. Qb3 Qe6 27. Qxe6 Rxe6 28. Ng5 Re1+ 29. Kh2 f6 30. Nf3 Re2 31. Kg3 Rxb2 32. h5 gxh5 33. Nh4 Rxa2 34. Nf5 Ra3+ 35. f3 Rf8 36.
Rxg7+ Kh8 37. Kh4 Rg8 38. Rf7 Ra4+ 39. Kxh5 Ra1 40. Rxf6 Rh1+ 41. Nh4 Kh7 42. Rh6+ Kg7 0-1

[Event "*** SCC Grand Prix: Titled Tuesday Blitz"]
[Site "Chess.com"]
[Date "2020.08.11"]
[Round "9"]
[White "Alexandr_Kholin"]
[Black "attack2mateU"]
[Result "0-1"]
[WhiteElo "2515"]
[BlackElo "2714"]
[TimeControl "180+1"]
[EndTime "11:46:04 PDT"]
[Termination "attack2mateU won by resignation"]

1. d4 Nf6 2. c4 g6 3. Nc3 d5 4. cxd5 Nxd5 5. Bd2 Bg7 6. e4 Nxc3 7. Bxc3 O-O 8. Nf3 c5 9. d5 e6 10. Bxg7 Kxg7 11.
Bc4 b5 12. Bb3 c4 13. Bc2 exd5 14. Qd4+ Kg8 15. O-O Nc6 16. Qxd5 Qxd5 17. exd5 Nb4 18. Nd4 Bb7 19. a4 Nxc2 20. Nxc2 bxa4 21. Rfd1 Rfd8 22. Ne3 Rac8 23. Rxa4 a6 24. Rb4 Rd7 25. Rb6 Rcd8 26. h3 Bxd5 27. Rxd5 Rxd5 28. Nxd5 Rxd5 29. Rxa6 Rd1+ 30.
Kh2 Rd2 31. Rc6 Rxf2 32. Rxc4 Rxb2 33. h4 Kg7 34. Rc6 Re2 35. Kh3 Re6 36. Rc5 Kf6 37.
g3 h6 38. Ra5 Re5 39. Kg2 Rxa5 0-1

[Event "*** SCC Grand Prix: Titled Tuesday Blitz"]
[Site "Chess.com"]
[Date "2020.08.11"]
[Round "9"]
[White "ChronicUnhappiness"]
[Black "SzMM19"]
[Result "1-0"]
[WhiteElo "2366"]
[BlackElo "2462"]
[TimeControl "180+1"]
[EndTime "11:46:04 PDT"]
[Termination "ChronicUnhappiness won on time"]

1. d4 Nf6 2. c4 e6 3. Nc3 Bb4 4. Bd2 b6 5. Nf3 Bb7 6. e3 Bxc3 7. Bxc3 Ne4 8. Rc1 O-O 9. Be2 d6 10. O-O Nd7 11. Be1 a5 12. Nd2 Nxd2 13. Qxd2 Qg5 14. f3 f5 15. Bg3 Rae8 16. Rfd1 Qg6 17. d5 e5 18. Bd3 e4 19. fxe4 fxe4 20. Bb1 Nf6 21.
Rf1 Nh5 22. Rxf8+ Rxf8 23. Bf2 Bc8 24. Qd4 Bf5 25. Rf1 Rf7 26. Be1 h6 27. Bc3 Nf6 28. Kh1 Ng4 29. h3 Ne5 30. Rf4 Qg3 31. Bxe4 Bxh3 32.
Rxf7 Bxg2+ 33. Bxg2 Kxf7 34. Qf4+ Qxf4 35. exf4 Nxc4 36. Bd4 Nd2 37. Kg1 b5 38. b3 a4 39.
bxa4 bxa4 40. Kf2 Nc4 41. Bf1 Na5 42. Bc3 1-0

[Event "*** SCC Grand Prix: Titled Tuesday Blitz"]
[Site "Chess.com"]
[Date "2020.08.11"]
[Round "9"]
[White "MVM2008"]
[Black "Duong57"]
[Result "0-1"]
[WhiteElo "2200"]
[BlackElo "2334"]
[TimeControl "180+1"]
[EndTime "11:46:05 PDT"]
[Termination "Duong57 won on time"]

1. e4 c5 2. Nf3 d6 3. d4 cxd4 4. Nxd4 Nf6 5. Nc3 a6 6. f4 e5 7.
Nf3 Qc7 8. fxe5 dxe5 9. Bg5 Bb4 10. Bd3 Bxc3+ 11. bxc3 Qxc3+ 12. Bd2 Qc5 13. Qe2 Nc6 14.
Rd1 O-O 15. Be3 Qa5+ 16. Bd2 Qxa2 17. O-O Bg4 18. c3 Rad8 19. h3 Bxf3 20. Rxf3 b5 21. Rdf1 Rd6 22. Qe1 Rfd8 23. Bg5 Rxd3 24. Rxf6 gxf6 25.
Bxf6 R8d6 26. Qh4 Rxf6 27. Qxf6 Rg3 28. Rf2 Qe6 29. Qh4 Rg6 30. Rf5 Ne7 31. Rh5 h6 32. Qf2 Kg7 33. Rh4 Nc6 34. Rh5 Na5 35. Rf5 Nc4 36.
Qc5 Nd6 37. Rxe5 Qf6 38. Qd5 Nc4 39. Qd4 Qxe5 0-1

[Event "*** SCC Grand Prix: Titled Tuesday Blitz"]
[Site "Chess.com"]
[Date "2020.08.11"]
[Round "9"]
[White "rududuyk"]
[Black "jamalm2"]
[Result "1-0"]
[WhiteElo "2097"]
[BlackElo "1843"]
[TimeControl "180+1"]
[EndTime "11:46:05 PDT"]
[Termination "rududuyk won on time"]

1. e4 c5 2. Nc3 Nc6 3. f4 d6 4.
Nf3 Nf6 5. Bc4 e6 6. d3 Na5 7. Bb5+ Bd7 8. Bxd7+ Qxd7 9. O-O Be7 10. Qe1 Nc6 11.
Be3 O-O 12. h3 d5 13. e5 Nh5 14. Bd2 g6 15. g4 Ng7 16. Kh1 f5 17. g5 Nh5 18. Ne2 d4 19. Ng3 Nxg3+ 20. Qxg3 Qd5 21. Kg2 Nb4 22. Bxb4 cxb4 23. Rf2 a5 24. Kh2 a4 25.
h4 b3 26. cxb3 axb3 27. a3 Rac8 28. Ne1 Qa5 29. Qg2 Rc6 30. Nf3 Rd8 31. Nd2 Qd5 32. Qxd5 Rxd5 33. Nxb3 Rb6 34. Nd2 Rxb2 35. Kg3 Ra5 36. Nc4 Rxf2 37. Kxf2 Rb5 38. a4 Rb3 39. Ke2 1-0

[Event "*** SCC Grand Prix: Titled Tuesday Blitz"]
[Site "Chess.com"]
[Date "2020.08.11"]
[Round "9"]
[White "ahachess"]
[Black "Kavyev_Ruslan"]
[Result "1/2-1/2"]
[WhiteElo "2304"]
[BlackElo "2447"]
[TimeControl "180+1"]
[EndTime "11:46:06 PDT"]
[Termination "Game drawn by repetition"]

1. d4 Nf6 2. c4 g6 3. Nc3 d5 4. Bf4 Bg7 5. e3 O-O 6. Rc1 Be6 7. cxd5 Nxd5 8. Nxd5 Qxd5 9. b3 Qa5+ 10. Qd2 Qxd2+ 11. Kxd2 c6 12. Nf3 Nd7 13. Bd3 Bg4 14. Bg3 Rfd8 15. Ne1 e5 16. f3 Be6 17. Bh4 f6 18. dxe5 Nxe5 19. Ke2 Re8 20. Rb1 Rad8 21. Bc2 Kf7 22. Nd3 Nxd3 23. Bxd3 Rd7 24. Rhd1 f5 25. Bc2 Bh6 26.
Rxd7+ Bxd7 27. Bf2 Bxe3 28. Bxe3 f4 29. Be4 fxe3 30.
Kxe3 Bf5 31. Rd1 Bxe4 32. fxe4 Ke6 33. Rd2 Rf8 34. g3 a5 35. h4 h5 36. Rg2 a4 37.
g4 hxg4 38. Rxg4 axb3 39. axb3 Rf6 40. Rg5 Kf7 41. b4 Rf1 42. b5 Re1+ 43. Kd4 Rd1+ 44.
Ke3 Rc1 45. bxc6 bxc6 46. h5 gxh5 47. Rxh5 Ke6 48. Rh6+ Ke5 49. Rh5+ Ke6 50. Rh6+ Kd7 51. Kd4 c5+ 52. Kd5 c4 53. Rh7+ Kd8 54. e5 c3 55.
Rh8+ Ke7 56. Rh7+ Ke8 57. Rc7 c2 58. Ke6 Kd8 59. Rc3 Ra1 60. Rxc2 Ra6+ 61. Kf5 Ke7 62. Rc7+ Ke8 63. e6 Ra1 64. Kf6 Rf1+ 65. Ke5 Re1+ 66. Kf6 Rf1+ 67. Ke5 Re1+ 68. Kf6 Rf1+ 1/2-1/2

[Event "*** SCC Grand Prix: Titled Tuesday Blitz"]
[Site "Chess.com"]
[Date "2020.08.11"]
[Round "9"]
[White "Fortitudine"]
[Black "parintele_chess"]
[Result "0-1"]
[WhiteElo "2248"]
[BlackElo "2125"]
[TimeControl "180+1"]
[EndTime "11:46:07 PDT"]
[Termination "parintele_chess won by resignation"]

1. c4 c5 2. g3 Nc6 3. Bg2 e6 4. Nc3 Nge7 5. e4 g6 6. d3 Bg7 7. Nge2 O-O 8. Be3 Nd4 9. O-O Nec6 10. Qd2 d6 11. Rab1 a6 12. Bh6 Rb8 13. Bxg7 Kxg7 14. Nxd4 Nxd4 15. Ne2 Nxe2+ 16. Qxe2 b5 17.
b3 Bb7 18. Rbd1 d5 19. cxd5 exd5 20. d4 c4 21. e5 Qd7 22. h4 h5 23. Kh2 Rbc8 24.
Bh3 Qe7 25. f4 f5 26. exf6+ Qxf6 27. Bxc8 Bxc8 28. Qe5 Bg4 29. Rc1 Qxe5 30. dxe5 Rc8 31. Kg1 d4 32. Kf2 c3 33. b4 d3 34. Ke3 d2 35.
Ra1 Rd8 0-1

[Event "*** SCC Grand Prix: Titled Tuesday Blitz"]
[Site "Chess.com"]
[Date "2020.08.11"]
[Round "9"]
[White "wild_cat99"]
[Black "ThePatrick27"]
[Result "1-0"]
[WhiteElo "2637"]
[BlackElo "2480"]
[TimeControl "180+1"]
[EndTime "11:46:08 PDT"]
[Termination "wild_cat99 won on time"]

1. Nf3 Nf6 2. c4 g6 3. Nc3 Bg7 4. d4 d6 5. e4 O-O 6. Be2 e5 7.
O-O Nc6 8. d5 Ne7 9. b4 a5 10.
Rb1 axb4 11. Rxb4 c5 12. dxc6 Nxc6 13. Rb1 h6 14. Be3 Be6 15. Bb6 Qe7 16. a4 Rfc8 17. Qd3 Nd7 18. Nd5 Bxd5 19. cxd5 Nxb6 20. Rxb6 Nd4 21.
Rfb1 Rxa4 22. Rxb7 Qxb7 23. Rxb7 Rc1+ 24. Bf1 Raa1 25. Rb8+ Kh7 26. Nxd4 exd4 27. g3 Rd1 28. Qe2 d3 29. Qf3 Rxf1+ 30. Kg2 d2 31. Qxf7 Rxf2+ 32. Kxf2 Rf1+ 33. Kxf1 d1=Q+ 34. Kg2 Qe2+ 35. Kg1 Qe1+ 36.
Kg2 Qe2+ 37. Qf2 Qxe4+ 38. Qf3 Qc2+ 39. Kh3 h5 40. Rd8 Be5 41. Qf8 Bg7 42. Rd7 Qc3 43. Qxd6 Qf3 44. Qf4 Qd3 45. Qf6 Qf5+ 46. Qxf5 gxf5 47.
Kh4 Kg6 48. Rd6+ 1-0

[Event "*** SCC Grand Prix: Titled Tuesday Blitz"]
[Site "Chess.com"]
[Date "2020.08.11"]
[Round "9"]
[White "NotFischer"]
[Black "KyrgyzFighter"]
[Result "0-1"]
[WhiteElo "2093"]
[BlackElo "2316"]
[TimeControl "180+1"]
[EndTime "11:46:09 PDT"]
[Termination "KyrgyzFighter won on time"]

1. e4 e6 2. d4 d5 3. e5 c5 4. c3 Nc6 5. Nf3 Qb6 6. Bd3 Bd7 7.
dxc5 Bxc5 8. O-O a5 9. Qe2 Nge7 10. Bf4 Ng6 11. Bg3 O-O 12. Na3 a4 13. Nb5 Nce7 14. Nbd4 Nf5 15. Rad1 Rfe8 16. Nxf5 exf5 17. Nd4 Bxd4 18.
cxd4 Rac8 19. Qh5 f4 20. Bxf4 Nxf4 21. Qxh7+ Kf8 22. Qh8+ Ke7 23. Qh4+ Kf8 24. Qxf4 Qxb2 25. e6 Bxe6 26. Rfe1 Kg8 27. Qh4 g6 28. Qf6 Bf5 29. Bxf5 Rxe1+ 30. Rxe1 Rc1 31. Qe5 Qd2 32. Kf1 gxf5 33.
Qg3+ Kf8 34. Qd6+ Kg7 35. Qe5+ Kg8 36. Rxc1 Qxc1+ 37. Ke2 Qc4+ 38. Kf3 Qxa2 39. Qg3+ Kf8 40. Qd6+ Kg8 41. Qg3+ Kf8 42. Kf4 Qd2+ 43. Ke5 Qe2+ 44. Kxd5 Qe6+ 45. Kc5 a3 46. Qb8+ Kg7 47. Qa7 a2 48. d5 Qc8+ 0-1

[Event "*** SCC Grand Prix: Titled Tuesday Blitz"]
[Site "Chess.com"]
[Date "2020.08.11"]
[Round "9"]
[White "zala02"]
[Black "creativity"]
[Result "1/2-1/2"]
[WhiteElo "2186"]
[BlackElo "2007"]
[TimeControl "180+1"]
[EndTime "11:46:09 PDT"]
[Termination "Game drawn by repetition"]

1. d4 Nf6 2. c4 g6 3. Nc3 Bg7 4. e4 d6 5. Nf3 O-O 6. Be2 e5 7.
O-O Nc6 8. d5 Ne7 9. b4 Nh5 10. c5 a5 11. Ba3 axb4 12. Bxb4 Nf4 13. Bc4 Bg4 14. a4 g5 15. Nb5 Bxf3 16. Qxf3 dxc5 17.
Bxc5 c6 18. d6 Neg6 19. Nc3 Nh4 20. Qg3 Nhxg2 21. d7 Qxd7 22. Bxf8 Rxf8 23. Rfd1 Qe7 24. Bf1 Nh4 25. Ne2 Nhg6 26. Nxf4 exf4 27. Qg4 Bxa1 28. Rxa1 Qxe4 29. Bg2 Qe5 30. Rb1 Qe7 31. Rd1 h6 32. Bf1 Ne5 33. Qf5 Nf3+ 34. Kh1 Nh4 35. Qc2 Qe5 36.
Bc4 Qa5 37. Rg1 Qb6 38. Rg4 Nf3 39. Qg6+ Kh8 40. Qxh6+ Kg8 41. Qg6+ Kh8 42. Qh6+ Kg8 43. Qg6+ Kh8 44. Qh6+ 1/2-1/2